 Dungeon Crawl Stone Soup version 0.26.1-11-gd32895ea62 (webtiles) character file.

Game seed: 626002344836820072

407844 Draugr the Victor of a Thousand Battles (level 23, -9/185 HPs)
             Began as a Gnoll Fighter on June 22, 2021.
             Was the Champion of Okawaru.
             Mangled by a white very ugly thing (61 damage)
             ... on level 5 of the Depths on June 28, 2021.
             The game lasted 06:33:30 (62933 turns).

Draugr the Victor of a Thousand Battles (GnFi)     Turns: 62933, Time: 06:33:32

Health: -9/185     AC: 33    Str: 25    XL:     23   Next: 74%
Magic:  42/42      EV: 21    Int: 13    God:    Okawaru [******]
Gold:   3324       SH: 22    Dex: 16    Spells: 10/52 levels left

rFire    + + .     SeeInvis .   A - +12 Vampire's Tooth {vamp}
rCold    x x .     Faith    .   F - +2 kite shield {AC+3}
rNeg     . . .     Spirit   .   l - +3 fire dragon scales
rPois    +         Reflect  +   d - +2 hat {Will+}
rElec    +         Harm     .   c - +2 cloak
rCorr    .         Rampage  .   R - +0 pair of gloves "Poxaics" {+Fly rElec rC-}
Will     ++...                  j - +2 pair of boots {Fly}
Stlth    ++++......             e - amulet of reflection
HPRegen  0.40/turn              G - +4 ring of slaying
MPRegen  0.28/turn              f - ring of poison resistance

@: about to teleport
A: distributed training, fangs 1, hooves 1, iridescent scales 1, sense
surroundings 1, strong nose
}: 1/15 runes: serpentine
a: Renounce Religion, Evoke Flight, Heroism, Finesse


You were on level 5 of the Depths.
You worshipped Okawaru.
Okawaru was exalted by your worship.
You visited 9 branches of the dungeon, and saw 41 of its levels.
You also visited: Bailey, Gauntlet, Ice Cave and Wizlab.

You collected 6432 gold pieces.
You spent 3108 gold pieces at shops.

Inventory:

Hand Weapons
 q - a +2 morningstar of holy wrath
 A - the +12 Vampire's Tooth (weapon) {vamp}
   (You found it on level 4 of the Snake Pit)

   It inflicts no extra harm, but heals its wielder when it wounds a living foe.
 N - a +9 war axe
 Z - a +9 demon whip of flaming
Armour
 a - the +3 buckler "Gupil" {rN++}
   (You bought it in a shop on level 2 of the Orcish Mines)

   It greatly protects you from negative energy.
 c - a +2 cloak (worn)
 d - a +2 hat of willpower (worn)
 j - a +2 pair of boots of flying (worn)
 l - +3 fire dragon scales (worn)
 m - the +0 pair of gloves of Filth {rC++ Str-3 Int+3 SInv}
   (Okawaru gifted it to you on level 2 of the Lair of Beasts)

   It affects your strength (-3).
   It affects your intelligence (+3).
   It greatly protects you from cold.
   It lets you see invisible.
 o - a scarf of invisibility
 F - a +2 kite shield of protection (worn)
 I - a +4 troll leather armour
 R - the +0 pair of gloves "Poxaics" (worn) {+Fly rElec rC-}
   (You found it on level 5 of the Lair of Beasts)

   It makes you vulnerable to cold.
   It insulates you from electricity.
   It lets you fly.
Jewellery
 e - an amulet of reflection (around neck)
 f - a ring of poison resistance (right hand)
 h - an uncursed ring of protection from fire
 i - a +6 ring of dexterity
 v - an uncursed ring of positive energy
 x - an uncursed ring of protection from cold
 B - a +4 ring of protection
 D - an uncursed amulet of the acrobat
 G - a +4 ring of slaying (left hand)
 J - an uncursed ring of willpower
 O - an uncursed amulet of regeneration
 Q - an uncursed ring of resist corrosion
Wands
 T - a wand of digging (26)
Scrolls
 g - 21 scrolls of remove curse
 k - 7 scrolls of teleportation
 t - 2 scrolls of fog
 y - a scroll of summoning
 E - 3 scrolls of identify
 K - 5 scrolls of blinking
 U - 8 scrolls of enchant weapon
 X - 3 scrolls of magic mapping
Potions
 p - 2 potions of magic
 r - 8 potions of attraction
 s - 2 potions of cancellation
 w - 16 potions of curing
 z - 2 potions of heal wounds
 C - 2 potions of haste
 H - 2 potions of invisibility
 P - a potion of mutation
 V - a potion of berserk rage
 Y - 2 potions of might
Miscellaneous
 b - a condenser vane
 S - a tin of tremorstones (2/2)
 W - a lightning rod (4/4)


   Skills:
 + Level 16.3 Fighting
 + Level 15.3 Short Blades
 + Level 15.8 Long Blades
 + Level 15.3 Axes
 + Level 15.3 Maces & Flails
 + Level 15.3 Polearms
 + Level 15.3 Staves
 + Level 15.3 Slings
 + Level 15.3 Bows
 + Level 15.3 Crossbows
 + Level 15.3 Throwing
 + Level 16.3 Armour
 + Level 15.3 Dodging
 + Level 15.3 Stealth
 + Level 16.3 Shields
 + Level 15.3 Unarmed Combat
 + Level 15.3 Spellcasting
 + Level 13.2 Conjurations
 + Level 13.2 Hexes
 + Level 13.2 Summonings
 + Level 13.2 Necromancy
 + Level 13.2 Translocations
 + Level 13.2 Transmutations
 + Level 13.2 Fire Magic
 + Level 13.2 Ice Magic
 + Level 13.2 Air Magic
 + Level 13.2 Earth Magic
 + Level 13.2 Poison Magic
 + Level 16.5 Invocations
 + Level 15.3 Evocations


You had 10 spell levels left.
You knew the following spells:

 Your Spells              Type           Power        Failure   Level
a - Silence               Hex/Air        22%          1%          5
b - Vampiric Draining     Necr           22%          1%          3
c - Mephitic Cloud        Conj/Pois/Air  44%          1%          3
d - Confusing Touch       Hex            44%          1%          3
e - Conjure Flame         Conj/Fire      44%          1%          3
f - Sticky Flame          Conj/Fire      44%          1%          4
g - Bolt of Magma         Conj/Fire/Erth 22%          1%          5
h - Ozocubu's Armour      Ice            44%          1%          3
i - Excruciating Wounds   Necr           22%          1%          5
j - Airstrike             Air            22%          1%          4
k - Dispel Undead         Necr           44%          1%          4

Your spell library contained the following spells:

 Spells                   Type           Power        Failure   Level
 Animate Skeleton         Necr           88%          1%          1
 Apportation              Tloc           88%          1%          1
 Corona                   Hex            48%          1%          1
 Freeze                   Ice            100%         1%          1
 Magic Dart               Conj           100%         1%          1
 Pain                     Necr           100%         1%          1
 Shock                    Conj/Air       100%         1%          1
 Summon Small Mammal      Summ           100%         1%          1
 Call Imp                 Summ           44%          1%          2
 Corpse Rot               Necr/Air       N/A          1%          2
 Poisonous Vapours        Pois/Air       88%          1%          2
 Sublimation of Blood     Necr           22%          1%          2
 Swiftness                Air            44%          1%          2
 Frozen Ramparts          Ice            88%          1%          3
 Gell's Gravitas          Tloc           22%          1%          3
 Ignite Poison            Fire/Tmut/Pois 44%          1%          3
 Portal Projectile        Hex/Tloc       88%          1%          3
 Static Discharge         Conj/Air       44%          1%          3
 Stone Arrow              Conj/Erth      88%          1%          3
 Summon Guardian Golem    Hex/Summ       44%          1%          3
 Animate Dead             Necr           22%          1%          4
 Hailstorm                Conj/Ice       44%          1%          4
 Ice Form                 Ice/Tmut       44%          1%          4
 Leda's Liquefaction      Hex/Erth       22%          1%          4
 Petrify                  Tmut/Erth      44%          1%          4
 Summon Ice Beast         Ice/Summ       44%          1%          4
 Summon Lightning Spire   Summ/Air       44%          1%          4
 Agony                    Necr           44%          1%          5
 Alistair's Intoxication  Tmut/Pois      29%          1%          5
 Irradiate                Conj/Tmut      22%          1%          5
 Lightning Bolt           Conj/Air       22%          1%          5
 Metabolic Englaciation   Hex/Ice        22%          1%          5
 Yara's Violent Unravell  Hex/Tmut       22%          1%          5
 Conjure Ball Lightning   Conj/Air       22%          9%          6
 Dispersal                Tloc           22%          9%          6
 Eringya's Noxious Bog    Tmut/Pois      22%          9%          6
 Freezing Cloud           Conj/Ice/Air   22%          9%          6
 Iron Shot                Conj/Erth      22%          9%          6
 Ozocubu's Refrigeration  Ice            22%          9%          6
 Statue Form              Tmut/Erth      29%          9%          6
 Haunt                    Necr/Summ      22%          43%         7
 Orb of Destruction       Conj           22%          43%         7
 Borgnjor's Revivificati  Necr           22%          98%         8
 Disjunction              Tloc           22%          98%         8
 Infestation              Necr           22%          98%         8
 Necromutation            Tmut/Necr      22%          98%         8
 Death's Door             Necr           22%          100%        9
 Dragon's Call            Summ           22%          100%        9
 Shatter                  Erth           22%          100%        9
 Tornado                  Air            22%          100%        9


Dungeon Overview and Level Annotations

Branches:
Dungeon (15/15)            Temple (1/1) D:6            Lair (6/6) D:10
 Shoals (3/4) Lair:2        Snake (4/4) Lair:3        Slime (0/5) Lair:5
    Orc (2/2) D:10            Elf (1/3) Orc:2        Vaults (4/5) D:14
  Crypt (0/3) Vaults:2     Depths (5/5) D:15            Zot (0/5) Depths:5
 Bailey (visited)           IceCv (visited)          WizLab (visited)
Gauntlet (visited)

Altars:
Ashenzari
Cheibriados
Dithmenos
Elyvilon
Fedhas
Gozag
Hepliaklqana
Kikubaaqudgha
Makhleb
Nemelex Xobeh
Okawaru
Qazlal
Ru
Sif Muna
Trog
Uskayaw
Vehumet
Wu Jian
Xom
Yredelemnul
Zin
The Shining One

Shops:
Orc:2 ?*:[   Elf:1 [   Depths:1 *   Depths:3 *(?   Depths:5 }!

Portals:
Hell: Depths:1 Depths:2 Depths:3 Depths:4 Depths:5
Abyss: Depths:3 Depths:4
Pandemonium: Orc:2 Depths:3 Depths:5
Ziggurat: Depths:2
Trove: Depths:4 (give +5 fire dragon scales)

Annotations:
Orc:2 Donald
Vaults:3 4 runed translucent doors
Depths:2 1 runed translucent door, strangelove's ghost, master GrEE


Innate Abilities, Weirdness & Mutations

Your experience applies equally to all skills.
You have very sharp teeth.
Your uncanny sense of smell can sniff out nearby items.
You have large cloven feet.
You are partially covered in iridescent scales. (AC +2)
You passively map a small area around you.


Message History

Your +9 demon whip of flaming stops flaming.
You feel strangely empty.
A - the +12 Vampire's Tooth (weapon)
{vamp} You block the white very ugly thing's attack.
You puncture the white very ugly thing!
The white very ugly thing is lightly wounded.
You puncture the white very ugly thing!
You feel better.
The white very ugly thing is moderately wounded.
The white very ugly thing gores you.
The white very ugly thing freezes you!!!!
You feel a terrible chill!
You block the white very ugly thing's attack.
As you read the scroll of teleportation, it crumbles to dust.
You feel strangely unstable.
The brown ugly thing basks in the mutagenic energy from its kin and changes!
The white very ugly thing gores you.
* * * LOW HITPOINT WARNING * * *
The white very ugly thing freezes you!!!
You feel a terrible chill!
You die...

##..#....###
###..##....#####
....###.....##.##
[...###.........#######
....).(.........##....##
.(..†)((###............#
.......(# ###..........#
....##### ##.........#
....# #..@......##
.....# ##uuuy.....#####
..#.## #.............##
##### #.yuu.......##.##
.# #...........###.# .#
#...........# ### .# *
###...........# ##
*...............# #
*#.........######


You could see 3 very ugly things, 2 ugly things and 2 spark wasps.

Vanquished Creatures
  An ancient lich (Depths:2)
  A juggernaut (Depths:5)
  Frederick (Depths:4)
  Saint Roka (Vaults:2)
  Vashnia (Snake:3)
  3 golden dragons
  the Enchantress (Depths:3)
  A golden dragon (shapeshifter) (Vaults:2)
  Nikola (Snake:1)
  A bone dragon (Depths:5)
  A tentacled monstrosity (Vaults:3)
  Jorgrun (Orc:1)
  6 liches
  The ghost of Xystreqa the Spry, an adept DEWz of Sif Muna (Vaults:3)
  Polyphemus (Shoals:1)
  3 sphinxes
  A storm dragon (Depths:4)
  Roxanne (Shoals:2)
  2 tengu reavers
  9 nagarajas
  3 frost giants
  9 fire giants
  2 deep elf sorcerers (Vaults:4)
  An orc warlord (Orc:1)
  Louise (Shoals:1)
  12 vault wardens
  A draconian scorcher (Depths:5)
  3 spriggan defenders
  A war gargoyle (Vaults:4)
  A ghoul (Vaults:3)
  3 ironheart preservers
  A deep elf demonologist (Vaults:4)
  5 very ugly things
  4 vampire knights (Depths:4)
  An entropy weaver (Vaults:2)
  3 green draconians (Depths:5)
  A yellow draconian (Depths:5)
  A lorocyproca (Depths:5)
  18 stone giants
  3 purple draconians (Depths:5)
  A minotaur (Gauntlet)
  3 spark wasps
  2 deep elf annihilators
  A red draconian (Depths:5)
  A white draconian (Depths:5)
  8 ettins
  2 merfolk impalers
  6 jiangshi (Depths:4)
  9 great orbs of eyes
  10 yaktaur captains
  A merfolk javelineer (Shoals:3)
  Josephine (Orc:1)
  Harold (D:9)
  6 fire dragons
  A deep elf high priest (Vaults:4)
  2 boulder beetles (Vaults:1)
  12 ogre magi
  5 rakshasas
  7 hydras
  15 naga warriors
  15 ice dragons
  7 catoblepae
  7 vault guards
  14 centaur warriors
  Erica (Orc:1)
  5 spriggan air magi
  14 anacondas
  6 death knights
  3 dancing weapons
  A merfolk aquamancer (Shoals:2)
  51 two-headed ogres
  3 tengu warriors
  6 deep troll shamans
  3 satyrs
  3 deep troll earth magi
  4 spriggan berserkers
  7 death yaks
  6 vampire magi
  5 deep elf knights
  3 shock serpents
  Sonja (Lair:1)
  Urug (D:10)
  2 soul eaters
  5 orc high priests (Orc:2)
  A fire crab (shapeshifter) (Vaults:3)
  4 iron trolls
  4 naga sharpshooters
  4 salamander mystics
  A shadow wraith (Vaults:4)
  A sixfirhy (Orc:2)
  7 skeletal warriors
  6 sea snakes
  A torturous demonspawn (Orc:2)
  A storm dragon skeleton (Vaults:4)
  An unseen horror (D:15)
  A gelid demonspawn (Orc:2)
  2 infernal demonspawn (Orc:2)
  15 deep trolls
  4 glowing orange brains
  7 deep elf archers
  5 naga ritualists
  8 orc knights
  10 phantasmal warriors
  A lindwurm (Lair:6)
  4 necromancers
  9 ironbrand convokers
  11 wizards
  A harpy (shapeshifter) (Vaults:2)
  23 harpies
  27 deep elf magi
  9 mana vipers
  An oklob plant (D:15)
  26 ugly things
  7 fauns
  13 orc sorcerers
  A wolf spider (Vaults:3)
  5 manticores
  3 fire giant zombies (Depths:4)
  13 salamanders
  22 cyclopes
  4 frost giant zombies (Depths:4)
  Maurice (Orc:2)
  4 elephants
  11 vault sentinels
  3 merfolk sirens
  9 guardian serpents
  An ice statue (Gauntlet)
  2 water nymphs (Shoals:3)
  A guardian serpent (shapeshifter) (Depths:4)
  A cane toad (shapeshifter) (Vaults:4)
  13 naga magi
  33 black mambas
  15 cane toads
  5 spectral swamp worms (Depths:5)
  Maggie (D:7)
  4 rime drakes
  11 komodo dragons
  A rime drake (shapeshifter) (Depths:3)
  5 freezing wraiths
  5 hellwings
  3 ice devils
  44 yaktaurs
  2 red devils (Depths:1)
  6 trolls
  6 tengu conjurers
  A yaktaur skeleton (Vaults:4)
  8 merfolk
  4 wind drakes
  47 slime creatures
  A shadow dragon simulacrum (Vaults:4)
  3 hornets
  4 blink frogs
  A harpy skeleton (D:15)
  A frost giant simulacrum (Vaults:2)
  2 snapping turtles (Shoals:2)
  A stone giant simulacrum (Vaults:3)
  5 water elementals
  6 flying skulls (Depths:4)
  3 redbacks (Vaults:2)
  2 air elementals (Elf:1)
  7 wyverns
  A ynoxinul (Depths:5)
  4 spriggans
  A tarantella (shapeshifter) (Depths:5)
  A vampire (D:14)
  2 shadows
  5 basilisks
  A steam dragon (Lair:3)
  38 yaks
  6 wraiths
  A fire bat (shapeshifter) (Vaults:2)
  2 chaos spawn
  2 fire elementals
  A human simulacrum (Vaults:1)
  5 wargs
  47 nagas
  3 acid dragons
  A soldier ant (shapeshifter) (Depths:1)
  13 water moccasins
  2 floating eyes
  9 hell hounds
  A floating eye (shapeshifter) (Depths:1)
  2 elf skeletons (Vaults:1)
  3 black bears
  53 orc warriors
  An ettin simulacrum (Vaults:2)
  A boulder beetle simulacrum (Vaults:1)
  9 ice beasts
  2 sky beasts
  2 eyes of draining
  4 phantoms
  A human zombie (Vaults:1)
  31 ogres
  6 boggarts
  8 wolves
  An orc skeleton (Vaults:1)
  15 centaurs
  A yaktaur zombie (Vaults:1)
  3 big kobolds
  21 bullfrogs
  2 scorpions
  10 killer bees
  10 wights
  2 howler monkeys (D:8)
  5 electric eels
  5 crimson imps
  2 jellies
  A bullfrog zombie (D:5)
  2 quasits (Depths:5)
  18 orc priests
  4 bullfrog skeletons
  3 centaur skeletons
  3 centaur zombies
  8 hounds
  23 orc wizards
  2 iron imps (Depths:3)
  Jessica (D:2)
  7 worker ants
  2 iguanas
  A hound zombie (D:10)
  A worker ant zombie (D:6)
  A gnoll (Bailey)
  11 adders
  6 shadow imps
  9 white imps
  6 ufetubi
  6 oozes
  4 adder skeletons
  3 worms
  5 dart slugs
  6 leopard geckos
  115 orcs
  7 giant cockroaches
  9 goblins
  5 hobgoblins
  8 jackals
  34 kobolds
  4 quokkas
  2 ball pythons
  16 bats
  5 frilled lizards
  A quokka skeleton (D:5)
  7 rats
1617 creatures vanquished.

Vanquished Creatures (collateral kills)
  A salamander (Snake:4)
  A guardian serpent (Snake:4)
  2 naga magi (Snake:4)
  A naga (Snake:4)
5 creatures vanquished.

Vanquished Creatures (others)
  A cyclops (Orc:1)
  A black mamba (Snake:1)
  A tengu conjurer (Depths:1)
  A water elemental (Elf:1)
  An orc warrior (D:10)
  A wolf (Depths:4)
  An orc (Orc:1)
  55 fungi
  90 plants
152 creatures vanquished.

Grand Total: 1774 creatures vanquished

Notes
Turn   | Place    | Note
-------+----------+-------------------------------------------
     0 | D:1      | Draugr the Gnoll Fighter began the quest for the Orb.
     0 | D:1      | Reached XP level 1. HP: 23/23 MP: 1/1
    73 | D:1      | Reached XP level 2. HP: 29/29 MP: 2/2
   346 | D:1      | Reached XP level 3. HP: 35/35 MP: 3/3
   740 | D:2      | Noticed Jessica
   763 | D:2      | Killed Jessica
   764 | D:2      | Reached skill level 1 in Short Blades
   764 | D:2      | Reached skill level 1 in Axes
   764 | D:2      | Reached skill level 1 in Maces & Flails
   764 | D:2      | Reached skill level 1 in Polearms
   764 | D:2      | Reached skill level 1 in Staves
   764 | D:2      | Reached skill level 1 in Slings
   764 | D:2      | Reached skill level 1 in Bows
   764 | D:2      | Reached skill level 1 in Crossbows
   764 | D:2      | Reached skill level 1 in Throwing
   764 | D:2      | Reached skill level 1 in Dodging
   764 | D:2      | Reached skill level 1 in Stealth
   764 | D:2      | Reached skill level 1 in Unarmed Combat
   764 | D:2      | Reached skill level 1 in Spellcasting
   764 | D:2      | Reached skill level 1 in Invocations
   764 | D:2      | Reached skill level 1 in Evocations
   764 | D:2      | Reached XP level 4. HP: 34/41 MP: 5/5
  1141 | D:2      | Reached skill level 1 in Conjurations
  1141 | D:2      | Reached skill level 1 in Hexes
  1141 | D:2      | Reached skill level 1 in Summonings
  1141 | D:2      | Reached skill level 1 in Necromancy
  1141 | D:2      | Reached skill level 1 in Translocations
  1141 | D:2      | Reached skill level 1 in Transmutations
  1141 | D:2      | Reached skill level 1 in Fire Magic
  1141 | D:2      | Reached skill level 1 in Ice Magic
  1141 | D:2      | Reached skill level 1 in Air Magic
  1141 | D:2      | Reached skill level 1 in Earth Magic
  1141 | D:2      | Reached skill level 1 in Poison Magic
  1513 | D:3      | Reached XP level 5. HP: 46/47 MP: 6/6
  1643 | D:3      | Found a glowing silver altar of Zin.
  2131 | D:3      | Reached XP level 6. HP: 16/53 MP: 8/8
  2774 | D:4      | Reached skill level 5 in Long Blades
  3163 | D:4      | Reached XP level 7. HP: 44/59 MP: 10/10
  3715 | D:5      | Entered Level 5 of the Dungeon
  4177 | D:5      | Reached XP level 8. HP: 52/67 MP: 12/12
  4658 | D:5      | Found an ancient bone altar of Kikubaaqudgha.
  5334 | D:6      | Found a hide-covered altar of Uskayaw.
  5334 | D:6      | Noticed a +0 hand axe
  5334 | D:6      | Noticed a +0 hand axe
  5499 | D:6      | Found an ornate altar of the Wu Jian Council.
  5990 | D:6      | Found a shadowy altar of Dithmenos.
  6024 | D:6      | Found a hazy altar of Hepliaklqana.
  6440 | D:6      | Found a staircase to the Ecumenical Temple.
  6448 | Temple   | Entered the Ecumenical Temple
  6518 | Temple   | Became a worshipper of Warmaster Okawaru
  6744 | D:6      | Found a radiant altar of Vehumet.
  6906 | D:6      | Found a shimmering blue altar of Sif Muna.
  7038 | D:6      | HP: 3/67 [orc warrior/+0 halberd (21)]
  7706 | D:6      | Reached XP level 9. HP: 32/73 MP: 14/14
  8052 | D:7      | Noticed Maggie
  8135 | D:7      | Killed Maggie
  8135 | D:7      | Reached * piety under Okawaru
  8500 | D:7      | Noticed a hornet
  8801 | D:7      | Found a basalt altar of Yredelemnul.
  8967 | D:8      | Noticed a two-headed ogre
  9224 | D:8      | Found a sacrificial altar of Ru.
  9618 | D:8      | Reached skill level 5 in Invocations
  9668 | D:8      | Reached ** piety under Okawaru
 10137 | D:8      | Reached XP level 10. HP: 80/80 MP: 17/17
 10624 | D:9      | Found a sparkling altar of Nemelex Xobeh.
 10633 | D:9      | Reached skill level 5 in Short Blades
 10633 | D:9      | Reached skill level 5 in Axes
 10633 | D:9      | Reached skill level 5 in Maces & Flails
 10633 | D:9      | Reached skill level 5 in Polearms
 10633 | D:9      | Reached skill level 5 in Staves
 10633 | D:9      | Reached skill level 5 in Slings
 10633 | D:9      | Reached skill level 5 in Bows
 10633 | D:9      | Reached skill level 5 in Crossbows
 10633 | D:9      | Reached skill level 5 in Throwing
 10633 | D:9      | Reached skill level 5 in Dodging
 10633 | D:9      | Reached skill level 5 in Stealth
 10633 | D:9      | Reached skill level 5 in Unarmed Combat
 10633 | D:9      | Reached skill level 5 in Spellcasting
 10633 | D:9      | Reached skill level 5 in Evocations
 11339 | D:10     | Entered Level 10 of the Dungeon
 11339 | D:10     | Noticed Harold
 11535 | D:10     | Found a staircase to the Orcish Mines.
 11596 | D:10     | Reached *** piety under Okawaru
 12183 | D:10     | Noticed a two-headed ogre
 12195 | D:10     | Killed a two-headed ogre
 12324 | D:10     | Found a staircase to the Lair.
 12455 | D:9      | Killed Harold
 12455 | D:9      | Reached **** piety under Okawaru
 12456 | D:9      | Reached XP level 11. HP: 68/87 MP: 19/19
 12818 | D:10     | Noticed Urug
 12834 | D:10     | Killed Urug
 12835 | D:10     | Reached skill level 5 in Conjurations
 12835 | D:10     | Reached skill level 5 in Hexes
 12835 | D:10     | Reached skill level 5 in Summonings
 12835 | D:10     | Reached skill level 5 in Necromancy
 12835 | D:10     | Reached skill level 5 in Translocations
 12835 | D:10     | Reached skill level 5 in Transmutations
 12835 | D:10     | Reached skill level 5 in Fire Magic
 12835 | D:10     | Reached skill level 5 in Ice Magic
 12835 | D:10     | Reached skill level 5 in Air Magic
 12835 | D:10     | Reached skill level 5 in Earth Magic
 12835 | D:10     | Reached skill level 5 in Poison Magic
 12909 | Lair:1   | Entered Level 1 of the Lair of Beasts
 13065 | Lair:1   | Noticed Sonja
 13075 | Lair:1   | Killed Sonja
 13420 | Lair:1   | Reached ***** piety under Okawaru
 13420 | Lair:1   | Received a gift from Okawaru
 13902 | Lair:1   | Received a gift from Okawaru
 14464 | Lair:2   | Reached XP level 12. HP: 57/96 MP: 22/22
 14504 | Lair:2   | Found a gate leading to a gauntlet.
 14513 | Gauntlet | Entered a Gauntlet
 14513 | Gauntlet | Found a transporter.
 14513 | Gauntlet | Found a transporter.
 14519 | Gauntlet | Noticed a soul eater
 14522 | Gauntlet | Found a transporter.
 14522 | Gauntlet | Found a transporter.
 14533 | Gauntlet | Killed a soul eater
 14563 | Gauntlet | Found a transporter.
 14563 | Gauntlet | Found a transporter.
 14587 | Gauntlet | Found a transporter.
 14587 | Gauntlet | Found a transporter.
 14684 | Gauntlet | Found a transporter.
 14684 | Gauntlet | Found a transporter.
 14692 | Gauntlet | Found a transporter.
 14708 | Gauntlet | Found a transporter.
 14748 | Gauntlet | Gained mutation: Your system is resistant to poisons.
                  | (rPois) [potion of mutation]
 14748 | Gauntlet | Gained mutation: You have a pair of small horns on your
                  | head. [potion of mutation]
 14914 | Gauntlet | Found a runed translucent door.
 14958 | Gauntlet | Noticed a minotaur
 14973 | Gauntlet | Killed a minotaur
 15368 | Lair:2   | Noticed a six-headed hydra
 15411 | Lair:2   | Found a staircase to the Shoals.
 15568 | Lair:2   | Received a gift from Okawaru
 15569 | Lair:2   | Got a pair of jewelled gloves {god gift}
 15576 | Lair:2   | Identified the +0 pair of gloves of Filth {rC++ Str-3 Int+3
                  | SInv} (Okawaru gifted it to you on level 2 of the Lair of
                  | Beasts)
 15609 | Lair:2   | Got a pair of bloodstained boots
 15620 | Lair:2   | Identified the -2 pair of boots of Rotten Joy {Slay+2} (You
                  | found it on level 2 of the Lair of Beasts)
 15628 | Lair:2   | Killed a one-headed hydra
 15682 | Lair:2   | Got a faintly humming helmet
 16020 | Lair:3   | Found a staircase to the Snake Pit.
 16033 | Lair:3   | Reached skill level 10 in Fighting
 16033 | Lair:3   | Reached skill level 10 in Armour
 16033 | Lair:3   | Reached skill level 10 in Shields
 16799 | Lair:4   | Noticed a catoblepas
 16829 | Lair:4   | Killed a catoblepas
 16987 | Lair:4   | Found a frozen archway.
 16987 | Lair:4   | Noticed a five-headed hydra
 17010 | Lair:4   | Killed a one-headed hydra
 17011 | Lair:4   | Reached XP level 13. HP: 85/103 MP: 24/24
 17040 | IceCv    | Entered an ice cave
 17060 | IceCv    | Found a transporter.
 18108 | Lair:5   | Found a staircase to the Slime Pits.
 18776 | Lair:5   | Got a pair of steaming gloves
 18782 | Lair:5   | Identified the cursed +0 pair of gloves "Poxaics" {+Fly
                  | rElec rC-} (You found it on level 5 of the Lair of Beasts)
 18809 | Lair:6   | Entered Level 6 of the Lair of Beasts
 18913 | Lair:5   | Received a gift from Okawaru
 18914 | Lair:5   | Found the +2 robe of Vines {NoPotionHeal Regen+7}
 19853 | Lair:6   | Received a gift from Okawaru
 19854 | Lair:6   | Got an ichor-stained robe {god gift}
 19865 | Lair:6   | Identified the +0 robe "Liumosyu" {*Slow rF+ rC+ Dex+4}
                  | (Okawaru gifted it to you on level 6 of the Lair of Beasts)
 19883 | Lair:6   | Reached XP level 14. HP: 87/111 MP: 26/26
 20045 | Lair:6   | Reached skill level 10 in Long Blades
 20943 | Orc:1    | Entered Level 1 of the Orcish Mines
 21123 | Orc:1    | Reached skill level 10 in Invocations
 21128 | Orc:1    | Noticed Erica
 21128 | Orc:1    | You fall into a shaft and drop 1 floor!
 21128 | Orc:2    | Entered Level 2 of the Orcish Mines
 21250 | Orc:1    | Noticed Josephine
 21284 | Orc:1    | Learned a level 5 spell: Silence
 21322 | Orc:1    | Killed Josephine
 21394 | Orc:1    | Found a flagged portal.
 21467 | Bailey   | Entered a bailey
 21596 | Bailey   | Found a bloodstained altar of Trog.
 22023 | Orc:1    | Noticed an orc warlord
 22046 | Orc:1    | Killed an orc warlord
 22247 | Orc:1    | Killed Erica
 22272 | Orc:1    | Noticed Jorgrun
 22287 | Orc:1    | Killed Jorgrun
 22455 | Orc:1    | Learned a level 3 spell: Vampiric Draining
 22458 | Orc:1    | Noticed a stone giant
 22501 | Orc:1    | Received a gift from Okawaru
 22601 | Orc:1    | Killed a stone giant
 22647 | Orc:1    | Got a dazzling short sword
 22648 | Orc:1    | Identified the +1 short sword of Extermination {vorpal,
                  | rElec rC+ Dex+4} (You found it on level 1 of the Orcish
                  | Mines)
 22660 | Orc:1    | Got an ichor-stained hunting sling
 22661 | Orc:1    | Identified the +3 hunting sling of Lies {vorpal, Str+2}
                  | (You found it on level 1 of the Orcish Mines)
 22716 | Orc:1    | Got a translucent hunting sling
 22717 | Orc:1    | Identified the cursed +1 hunting sling of Iclotoid {flame,
                  | +Inv} (You found it on level 1 of the Orcish Mines)
 22986 | Orc:2    | Found a staircase to the Elven Halls.
 23168 | Orc:2    | Reached ****** piety under Okawaru
 23168 | Orc:2    | Received a gift from Okawaru
 23262 | Orc:2    | Noticed Donald
 23271 | Orc:2    | Learned a level 3 spell: Mephitic Cloud
 23275 | Orc:2    | Learned a level 3 spell: Confusing Touch
 23279 | Orc:2    | Learned a level 3 spell: Conjure Flame
 23424 | Orc:2    | Found Omom's Magic Scroll Shop.
 23425 | Orc:2    | Found Neroxid's General Store.
 23714 | Orc:2    | Reached XP level 15. HP: 73/119 MP: 25/28
 23802 | Orc:2    | Bought a scroll of identify for 32 gold pieces
 23802 | Orc:2    | Bought a scroll of identify for 32 gold pieces
 23802 | Orc:2    | Bought a scroll of identify for 32 gold pieces
 23804 | Orc:2    | Bought a scroll of enchant armour for 97 gold pieces
 24026 | Orc:1    | Received a gift from Okawaru
 24559 | Orc:2    | Found Uleinuj's Book Shoppe.
 24559 | Orc:2    | Found a one-way gate leading to the halls of Pandemonium.
 24559 | Orc:2    | Found Onkoaky's Antique Armour Emporium.
 24568 | Orc:2    | Received a gift from Okawaru
 24569 | Orc:2    | Reached skill level 10 in Short Blades
 24569 | Orc:2    | Reached skill level 10 in Axes
 24569 | Orc:2    | Reached skill level 10 in Maces & Flails
 24569 | Orc:2    | Reached skill level 10 in Polearms
 24569 | Orc:2    | Reached skill level 10 in Staves
 24569 | Orc:2    | Reached skill level 10 in Slings
 24569 | Orc:2    | Reached skill level 10 in Bows
 24569 | Orc:2    | Reached skill level 10 in Crossbows
 24569 | Orc:2    | Reached skill level 10 in Throwing
 24569 | Orc:2    | Reached skill level 10 in Dodging
 24569 | Orc:2    | Reached skill level 10 in Stealth
 24569 | Orc:2    | Reached skill level 10 in Unarmed Combat
 24569 | Orc:2    | Reached skill level 10 in Spellcasting
 24569 | Orc:2    | Reached skill level 10 in Evocations
 24594 | Orc:2    | Bought a spiked buckler for 313 gold pieces
 24615 | Orc:2    | Identified the +3 buckler "Gupil" {rN++} (You bought it in
                  | a shop on level 2 of the Orcish Mines)
 24639 | Orc:2    | Bought a spiked leather armour for 231 gold pieces
 24650 | Orc:2    | Identified the +0 leather armour of Ekkeaq {Int+2 Stlth+}
                  | (You bought it in a shop on level 2 of the Orcish Mines)
 24851 | Orc:2    | Noticed Maurice
 24855 | Orc:2    | Killed Maurice
 25947 | D:12     | You fall into a shaft and drop 1 floor!
 26662 | D:13     | Received a gift from Okawaru
 27377 | D:14     | Got a brightly glowing flail
 27378 | D:14     | Identified the +3 flail of the First Gods {vorpal, *Noise
                  | +Rage rN+++ Str+4} (You found it on level 14 of the
                  | Dungeon)
 27412 | D:14     | Found a gate to the Vaults.
 27570 | D:14     | Got a dazzling chain mail
 27571 | D:14     | Identified the +1 chain mail "Oxoisiw" {Str+4 Int+6} (You
                  | found it on level 14 of the Dungeon)
 27911 | Lair:2   | Lost mutation: You have a pair of small horns on your head.
                  | [potion of mutation]
 27911 | Lair:2   | Lost mutation: Your system is resistant to poisons. (rPois)
                  | [potion of mutation]
 27911 | Lair:2   | Gained mutation: You have large cloven feet. [potion of
                  | mutation]
 27911 | Lair:2   | Gained mutation: You are partially covered in iridescent
                  | scales. (AC +2) [potion of mutation]
 27911 | Lair:2   | Gained mutation: You passively map a small area around you.
                  | [potion of mutation]
 28056 | D:15     | Entered Level 15 of the Dungeon
 28056 | D:15     | Found an iron altar of Okawaru.
 28331 | D:15     | Found a bloodstained altar of Trog.
 28427 | D:15     | Found a staircase to the Depths.
 28476 | D:15     | Reached XP level 16. HP: 81/127 MP: 30/30
 29103 | Elf:1    | Entered Level 1 of the Elven Halls
 29196 | Elf:1    | Received a gift from Okawaru
 29404 | Elf:1    | Paralysed by a chaos spawn for 4 turns
 29720 | Elf:1    | Identified Jiul's Papyrus of Battle Magic
 30087 | Elf:1    | Learned a level 4 spell: Sticky Flame
 30092 | Elf:1    | Found Backyb's Antique Armour Shop.
 30098 | Elf:1    | Bought a crude cloak for 294 gold pieces
 30099 | Elf:1    | Identified the cursed +0 cloak of Awe {Dex+2} (You bought
                  | it in a shop on level 1 of the Elven Halls)
 30313 | Snake:1  | Entered Level 1 of the Snake Pit
 30905 | Snake:1  | Noticed Nikola
 31061 | Snake:1  | Identified a scroll of acquirement
 31061 | Snake:1  | Acquired a +3 triple sword of protection
 31289 | Snake:1  | Identified the Catalogue of the Destructive Rocks
 31324 | Snake:1  | Received a gift from Okawaru
 31456 | Snake:1  | You fall into a shaft and drop 1 floor!
 31716 | Snake:2  | Noticed a nagaraja
 32005 | Snake:3  | Received a gift from Okawaru
 32015 | Snake:3  | Got a twisted scale mail {god gift}
 32051 | Snake:3  | Identified the +6 scale mail of Summer {rPois} (Okawaru
                  | gifted it to you on level 3 of the Snake Pit)
 32481 | Snake:3  | Reached XP level 17. HP: 124/135 MP: 32/32
 33396 | Snake:1  | You fall into a shaft and drop 1 floor!
 34666 | Snake:1  | Killed Nikola
 35171 | Snake:3  | Received a gift from Okawaru
 35299 | Snake:4  | Entered Level 4 of the Snake Pit
 35808 | Snake:4  | Noticed Vashnia
 35897 | Snake:3  | Killed Vashnia
 35897 | Snake:3  | Received a gift from Okawaru
 35921 | Snake:3  | Reached skill level 10 in Conjurations
 35921 | Snake:3  | Reached skill level 10 in Hexes
 35921 | Snake:3  | Reached skill level 10 in Summonings
 35921 | Snake:3  | Reached skill level 10 in Necromancy
 35921 | Snake:3  | Reached skill level 10 in Translocations
 35921 | Snake:3  | Reached skill level 10 in Transmutations
 35921 | Snake:3  | Reached skill level 10 in Fire Magic
 35921 | Snake:3  | Reached skill level 10 in Ice Magic
 35921 | Snake:3  | Reached skill level 10 in Air Magic
 35921 | Snake:3  | Reached skill level 10 in Earth Magic
 35921 | Snake:3  | Reached skill level 10 in Poison Magic
 36509 | Snake:4  | Received a gift from Okawaru
 36574 | Snake:4  | Received a gift from Okawaru
 36982 | Snake:3  | Received a gift from Okawaru
 36992 | Snake:3  | Got a fading helmet {god gift}
 37006 | Snake:3  | Identified the -5 helmet "Wafuut" {Str+4} (Okawaru gifted
                  | it to you on level 3 of the Snake Pit)
 37530 | Snake:4  | Reached XP level 18. HP: 143/143 MP: 33/33
 38463 | Snake:4  | Got a serpentine rune of Zot
 38651 | Snake:4  | Found the +12 Vampire's Tooth {vamp}
 39525 | Shoals:1 | Entered Level 1 of the Shoals
 39541 | Shoals:1 | Noticed Louise
 39588 | Shoals:1 | Killed Louise
 40552 | Shoals:2 | Noticed Polyphemus
 40635 | Shoals:1 | Received a gift from Okawaru
 40689 | Shoals:1 | Killed Polyphemus
 41271 | Shoals:2 | Identified Roxanne's Papyrus of Changing
 41271 | Shoals:2 | Noticed Roxanne
 41362 | Shoals:2 | Killed Roxanne
 42226 | Shoals:3 | Received a gift from Okawaru
 42661 | Vaults:1 | Entered Level 1 of the Vaults
 43008 | Vaults:1 | You fall into a shaft and drop 1 floor!
 43039 | Vaults:2 | Reached XP level 19. HP: 138/151 MP: 35/35
 43290 | Vaults:1 | Found a magical portal.
 43299 | WizLab   | Entered Wucad Mu's Monastery
 44061 | Vaults:1 | Got a masterwork plate armour
 44062 | Vaults:1 | Identified the +5 plate armour "Senoatal" {*Slow rC+ rCorr}
                  | (You found it on level 1 of the Vaults)
 44167 | Vaults:1 | Got a pair of slimy gloves
 44168 | Vaults:1 | Identified the cursed +0 pair of gloves "Ynevudd" {-Cast
                  | Rampage Dex+5} (You found it on level 1 of the Vaults)
 44369 | Vaults:1 | Received a gift from Okawaru
 44761 | Vaults:2 | Noticed a lich
 44895 | Vaults:2 | Noticed Saint Roka
 45325 | Vaults:2 | Learned a level 5 spell: Bolt of Magma
 45397 | Vaults:2 | Found a staircase to the Crypt.
 45902 | Vaults:2 | Killed Saint Roka
 46040 | Vaults:2 | Found the +9 heavy crossbow "Sniper" {vorpal, Acc+∞ SInv}
 46076 | Vaults:2 | Noticed an Ice Fiend
 46469 | Vaults:2 | Received a gift from Okawaru
 46848 | Vaults:2 | Identified Afram's Disquisition on Flight and Creation
 46941 | Vaults:2 | Killed a lich
 46942 | Vaults:2 | Reached XP level 20. HP: 86/160 MP: 30/37
 46993 | Vaults:2 | Received a gift from Okawaru
 47485 | Vaults:2 | Noticed a golden dragon
 47485 | Vaults:2 | an acid blob changed into a golden dragon
 47498 | Vaults:2 | Killed a golden dragon
 47922 | Vaults:3 | Got a translucent short sword
 47923 | Vaults:3 | Identified the +3 short sword "Fouss" {protect, +Blink
                  | rPois rF- rN+} (You found it on level 3 of the Vaults)
 48476 | Vaults:3 | Found a large runed translucent door.
 48476 | Vaults:3 | Found a large runed translucent door.
 48476 | Vaults:3 | Found a large runed translucent door.
 48477 | Vaults:3 | Found a large runed translucent door.
 48477 | Vaults:3 | Noticed Xystreqa's ghost (adept DEWz)
 48478 | Vaults:3 | Found a large runed translucent door.
 48478 | Vaults:3 | Found a large runed translucent door.
 48478 | Vaults:3 | Found a large runed translucent door.
 48478 | Vaults:3 | Found a large runed translucent door.
 48805 | Vaults:3 | Received a gift from Okawaru
 49570 | Vaults:3 | Killed Xystreqa's ghost
 50087 | Vaults:4 | Received a gift from Okawaru
 50425 | Vaults:4 | Received a gift from Okawaru
 50618 | Vaults:4 | Reached XP level 21. HP: 149/167 MP: 35/38
 50946 | Vaults:4 | Reached skill level 15 in Fighting
 50946 | Vaults:4 | Reached skill level 15 in Armour
 50946 | Vaults:4 | Reached skill level 15 in Shields
 50961 | Vaults:4 | Found a sparkling altar of Nemelex Xobeh.
 51583 | Depths:1 | Entered Level 1 of the Depths
 51629 | D:15     | Reached skill level 15 in Invocations
 51651 | D:15     | Learned a level 3 spell: Ozocubu's Armour
 51774 | Depths:1 | Paralysed by a floating eye for 2 turns
 52169 | Depths:1 | Found Kyuw's Demolitions Depot.
 52185 | Depths:1 | Learned a level 5 spell: Excruciating Wounds
 52200 | Depths:1 | Received a gift from Okawaru
 52204 | Depths:1 | Got an opalescent robe {god gift}
 52205 | Depths:1 | Identified the +0 robe of the Nightingale {*Contam rPois
                  | rN+++ Int-2} (Okawaru gifted it to you on level 1 of the
                  | Depths)
 52756 | Depths:1 | Found a gateway to Hell.
 53046 | Depths:2 | Found a runed translucent door.
 53065 | Depths:2 | Noticed strangelove's ghost (master GrEE)
 53092 | Depths:2 | Paralysed by a floating eye for 3 turns
 53271 | Depths:2 | Noticed an ancient lich
 53293 | Depths:2 | Killed an ancient lich
 53443 | Depths:2 | Received a gift from Okawaru
 53567 | Depths:2 | Reached XP level 22. HP: 176/176 MP: 40/40
 53847 | Depths:2 | Reached skill level 15 in Long Blades
 54009 | Depths:2 | Found a broken altar of Ashenzari.
 54034 | Depths:2 | Found a gateway to a ziggurat.
 54747 | Depths:3 | Received a gift from Okawaru
 54949 | Depths:3 | Got a pitted long sword
 54950 | Depths:3 | Identified the +3 long sword of Precise Incision {vorpal,
                  | +Blink Str+3 Dex-4 Stlth+} (You found it on level 3 of the
                  | Depths)
 54960 | Depths:3 | Received a gift from Okawaru
 55167 | Depths:3 | Found Kinourac's Assorted Antiques.
 55775 | Orc:2    | Bought 3 scrolls of blinking for 360 gold pieces
 55775 | Orc:2    | Bought 3 scrolls of blinking for 360 gold pieces
 56039 | Depths:3 | Found a one-way gate to the infinite horrors of the Abyss.
 56046 | Depths:3 | Found Puploh Ihaq's Magic Scroll Shop.
 56056 | Depths:3 | Noticed the Enchantress
 57070 | Depths:3 | Learned a level 4 spell: Airstrike
 57139 | Depths:3 | Bought a scroll of enchant armour for 187 gold pieces
 57139 | Depths:3 | Bought an encrusted jade ring for 125 gold pieces
 57149 | Depths:3 | Found Jayj's Antique Weapon Boutique.
 57426 | Depths:3 | Bought a scroll of teleportation for 45 gold pieces
 57426 | Depths:3 | Bought a scroll of teleportation for 45 gold pieces
 57426 | Depths:3 | Bought a scroll of teleportation for 45 gold pieces
 57496 | Depths:3 | Killed the Enchantress
 57509 | Depths:3 | Bought a scroll of acquirement for 780 gold pieces
 57514 | Depths:3 | Acquired 385 gold pieces
 57584 | Depths:3 | Identified Zuelavey's Disquisition on Spatial Cold
 57746 | Depths:4 | Noticed a golden dragon
 57776 | Depths:3 | Killed a golden dragon
 57789 | Depths:4 | Noticed Frederick
 57895 | Depths:4 | Killed Frederick
 58073 | Depths:4 | Received a gift from Okawaru
 58118 | Depths:5 | Entered Level 5 of the Depths
 58118 | Depths:5 | Found Loiserr's Distillery.
 58118 | Depths:5 | Found Loag's Gadget Shop.
 58120 | Depths:5 | Bought a potion of heal wounds for 130 gold pieces
 58586 | Depths:4 | Learned a level 4 spell: Dispel Undead
 58667 | Depths:4 | Reached XP level 23. HP: 183/183 MP: 28/41
 58862 | Depths:4 | Found a basalt altar of Yredelemnul.
 59031 | Depths:4 | Got a brightly glowing steel ring
 59033 | Depths:4 | Identified the cursed ring of Jetuoc {EV-4 Int+2} (You
                  | found it on level 4 of the Depths)
 59290 | Depths:4 | Reached skill level 15 in Short Blades
 59290 | Depths:4 | Reached skill level 15 in Axes
 59290 | Depths:4 | Reached skill level 15 in Maces & Flails
 59290 | Depths:4 | Reached skill level 15 in Polearms
 59290 | Depths:4 | Reached skill level 15 in Staves
 59290 | Depths:4 | Reached skill level 15 in Slings
 59290 | Depths:4 | Reached skill level 15 in Bows
 59290 | Depths:4 | Reached skill level 15 in Crossbows
 59290 | Depths:4 | Reached skill level 15 in Throwing
 59290 | Depths:4 | Reached skill level 15 in Dodging
 59290 | Depths:4 | Reached skill level 15 in Stealth
 59290 | Depths:4 | Reached skill level 15 in Unarmed Combat
 59290 | Depths:4 | Reached skill level 15 in Spellcasting
 59290 | Depths:4 | Reached skill level 15 in Evocations
 59848 | Depths:4 | Found a portal to a secret trove of treasure.
 60098 | Depths:5 | Paralysed by a floating eye for 4 turns
 60962 | Depths:5 | Received a gift from Okawaru
 60963 | Depths:5 | Noticed a golden dragon
 61741 | Depths:5 | Noticed a juggernaut
 61758 | Depths:5 | Killed a juggernaut
 61971 | Depths:5 | Killed a golden dragon
 62043 | Depths:5 | Found a gate to the Realm of Zot.
 62102 | Depths:5 | Got a pair of slimy gloves {god gift}
 62104 | Depths:5 | Identified the +0 pair of gloves of Happiness {Slay+6}
                  | (Okawaru gifted it to you on level 5 of the Depths)
 62137 | Depths:5 | Noticed a golden dragon
 62150 | Depths:5 | Killed a golden dragon
 62933 | Depths:5 | Mangled by a white very ugly thing

Illustrated notes

Levels and vault maps discovered:
D:1:      dpeg_arrival_refuge, layout_loops_ring
D:2:      layout_basic, uniq_jessica
D:3:      layout_basic, old_standard_altar, lightli_corner_chamber
D:4:      layout_loops_cross
D:5:      kennysheep_steamy, layout_gridville, kiku_gazebo_pond_becter
D:6:      layout_basic, led_sif_pool, nzn_wu_jian_contemplation,
          nzn_hepliaklqana_mist_gate, nicolae_overflow_crystal_walls,
          dancing_weapons_uskayaw, marbit_many_paths, minmay_temple_entry_fiery
D:7:      layout_layer_cave, lemuel_coloured_pillars_altar, uniq_maggie
D:8:      layout_gridville, basic_altar, st_stairs_9, the_bakery
D:9:      layout_basic, lemuel_crystal_altar
D:10:     layout_basic, grunt_lair_entry_orc_guard_hut, david_orc_2,
          uniq_harold, uniq_urug
D:11:     layout_big_octagon
D:12:     layout_stronghold, kennysheep_potato
D:13:     layout_roguey
D:14:     layout_long_grid, david_vaults_5, fountainhead
D:15:     grunt_enter_depths_magical_seal, layout_cave_pools, basic_altar,
          serial_bayou_lagoon_a, lemuel_oklob_altar
Temple:   nicolae_temple_no_exploring_needed
Lair:1:   layout_chaotic_city, fungi_pond_lemuel, grunt_megastairs_3,
          lemuel_fruit_tree, infiniplex_staircase_pool_2, uniq_sonja
Lair:2:   layout_long_grid, minmay_shoals_entry_lonely_mermaid,
          gauntlet_entry_generic, serial_bayou_crossing
Lair:3:   layout_concentric_octagons, guppyfry_snake_entry_island, st_stairs_3,
          kennysheep_catoblepas_arena
Lair:4:   layout_small_grid, portal_ice_cave_rime, grunt_megastairs_2
Lair:5:   layout_gridlike, slime_dummy, chequers_serial_rivers_micro_a
Lair:6:   evilmike_catoblepas_cave, layout_gridlike, grunt_megastairs_5
Shoals:1: layout_shoals, uniq_louise
Shoals:2: cheibrodos_shoals_baths, layout_shoals, uniq_roxanne, uniq_polyphemus
Shoals:3: layout_shoals, uniq_aizul
Snake:1:  layout_layer_cave, drop_trap, library_closet, serial_bayou_shore_a,
          uniq_nikola
Snake:2:  layout_misc_corridors
Snake:3:  nrook_guardian_serpent_snake_passage, layout_basic, st_stairs_9,
          serial_bayou_pond_b, nicolae_snake_double_loop
Snake:4:  johnstein_snake_rune_scales, layout_cave_town, st_stairs_7
Orc:1:    giant_chief_lemuel, layout_caves, enter_bailey_2, minmay_orc_barracks,
          uniq_jorgrun, uniq_erica, uniq_josephine
Orc:2:    pf_orc_diabolical, layout_diamond_mine, uniq_donald, uniq_maurice
Elf:1:    eino_elf_arrival_the_gate, layout_geoelf_octagon, serial_aquarium,
          aquarium_bridge_long_separate [aquarium_subvault_wall,
          aquarium_subvault_bridge, aquarium_subvault_balcony,
          aquarium_subvault_bridge, aquarium_subvault_wall,
          aquarium_subvault_bridge], aquarium_window_fake, aquarium_window_1,
          aquarium_window_1, aquarium_window_corner, aquarium_view_4,
          aquarium_pool_1, serial_shops, shop, minmay_elf_annihilation
Vaults:1: nicolae_vaults_little_squares_1, ontoclasm_vaults_chip,
          nicolae_vaults_quartermaster, nicolae_vaults_stairing_the_circle,
          v_misc_9, v_rooms_5, vaults_room_hallway, vaults_mumra_lcd,
          vaults_room_pools, v_misc_24, layout_vaults_ring, mu_enter_wizlab_3
Vaults:2: vaults_mumra_minichess, ontoclasm_vaults_ligature,
          minmay_guarded_unrand_secular_launcher,
          minmay_crypt_entry_simple_round, nicolae_vaults_network_barrier,
          grunt_vaults_funnel, hangedman_vaults_restitches,
          ontoclasm_vaults_ring_large, nicolae_vaults_sealed_display,
          layout_vaults_chaotic_city, uniq_saint_roka, uniq_margery
Vaults:3: advil_vaults_ghost_lines, v_misc_4, v_misc_22, v_misc_22, v_misc_14,
          ontoclasm_vaults_ring_square, v_misc_2, v_misc_1, vaults_room_corners,
          v_alt_pattern_4, vaults_room_door_ring, hangedman_vaults_slice,
          nicolae_vaults_shelves_hall, vaults_room_hallway,
          layout_vaults_omnicross
Vaults:4: ontoclasm_vaults_tryst, v_misc_24,
          nicolae_vaults_good_morning_starshine, vaults_dpeg_cross, v_rooms_1,
          serial_ice_m, vaults_room_hallway, vaults_room_stairs_pillars,
          nicolae_vaults_specimen_jars, hangedman_vaults_stitches,
          vaults_room_door_hall, layout_vaults_maze, basic_altar
Depths:1: layout_gridville, hellmouth_3, serial_rivers,
          chequers_serial_rivers_small_3, chequers_serial_rivers_small_b,
          chequers_serial_rivers_marsh, chequers_serial_rivers_large_a,
          nicolae_blasting_shop, wad_mini_maze
Depths:2: minmay_tri_stars, layout_cave_pools, enter_ziggurat_f,
          serial_column_ruins, column_ruins_grid_4,
          column_ruins_open_tiny_water, column_ruins_open_tiny,
          column_ruins_columns_straight, column_ruins_grid_3,
          column_ruins_grid_3, ashenzari_altar_1, pf_coc_iceberg,
          ebering_ghost_reflecting_pool
Depths:3: kennysheep_spiral_hall, layout_cave_shapes, grunt_pan_entry_zigzag,
          grunt_hell_entry_dis_mu, serial_shops, nicolae_shop_behind_doors,
          shop, shop, abyss_entry, hangedman_abyss_or_decor_jellyfish_corner,
          kennysheep_generic_room_10, uniq_enchantress
Depths:4: lemuel_vampire_tower, layout_cave_pools,
          chequers_serial_rivers_room_b, pf_hell_entry_great_geh, abyss_entry,
          enter_trove_5, due_unseen_surprise, infiniplex_staircase_9_rooms,
          uniq_frederick
Depths:5: grunt_twist_and_shout, layout_cave_shapes, serial_shops, shop, shop,
          minmay_misc_feat_ornament, grunt_pan_entry_sceptre,
          pf_hell_entry_tar_river, serial_bayou_shore_b

Skill      XL: |  1  2  3  4  5  6  7  8  9 10 11 12 13 14 15 16 17 18 19 20 21 22 23 |
---------------+----------------------------------------------------------------------+-----
Short Blades   | 1 2 3 4 5 6 7 8 9 10 11 12 13 14 15 | 15.3
Axes           | 1 2 3 4 5 6 7 8 9 10 11 12 13 14 15 | 15.3
Maces & Flails | 1 2 3 4 5 6 7 8 9 10 11 12 13 14 15 | 15.3
Polearms       | 1 2 3 4 5 6 7 8 9 10 11 12 13 14 15 | 15.3
Staves         | 1 2 3 4 5 6 7 8 9 10 11 12 13 14 15 | 15.3
Slings         | 1 2 3 4 5 6 7 8 9 10 11 12 13 14 15 | 15.3
Bows           | 1 2 3 4 5 6 7 8 9 10 11 12 13 14 15 | 15.3
Crossbows      | 1 2 3 4 5 6 7 8 9 10 11 12 13 14 15 | 15.3
Throwing       | 1 2 3 4 5 6 7 8 9 10 11 12 13 14 15 | 15.3
Dodging        | 1 2 3 4 5 6 7 8 9 10 11 12 13 14 15 | 15.3
Stealth        | 1 2 3 4 5 6 7 8 9 10 11 12 13 14 15 | 15.3
Unarmed Combat | 1 2 3 4 5 6 7 8 9 10 11 12 13 14 15 | 15.3
Spellcasting   | 1 2 3 4 5 6 7 8 9 10 11 12 13 14 15 | 15.3
Invocations    | 1 2 3 4 5 6 7 8 9 10 11 12 13 14 15 16 | 16.5
Evocations     | 1 2 3 4 5 6 7 8 9 10 11 12 13 14 15 | 15.3
Conjurations   | 1 2 3 4 5 6 7 8 9 10 11 12 13 | 13.2
Hexes          | 1 2 3 4 5 6 7 8 9 10 11 12 13 | 13.2
Summonings     | 1 2 3 4 5 6 7 8 9 10 11 12 13 | 13.2
Necromancy     | 1 2 3 4 5 6 7 8 9 10 11 12 13 | 13.2
Translocations | 1 2 3 4 5 6 7 8 9 10 11 12 13 | 13.2
Transmutations | 1 2 3 4 5 6 7 8 9 10 11 12 13 | 13.2
Fire Magic     | 1 2 3 4 5 6 7 8 9 10 11 12 13 | 13.2
Ice Magic      | 1 2 3 4 5 6 7 8 9 10 11 12 13 | 13.2
Air Magic      | 1 2 3 4 5 6 7 8 9 10 11 12 13 | 13.2
Earth Magic    | 1 2 3 4 5 6 7 8 9 10 11 12 13 | 13.2
Poison Magic   | 1 2 3 4 5 6 7 8 9 10 11 12 13 | 13.2
Long Blades    | 5 6 7 8 9 10 11 12 13 14 15 | 15.8
Fighting       | 7 8 9 10 11 12 13 14 15 16 | 16.3
Armour         | 7 8 9 10 11 12 13 14 15 16 | 16.3
Shields        | 7 8 9 10 11 12 13 14 15 16 | 16.3

Action                   |  1- 3 |  4- 6 |  7- 9 | 10-12 | 13-15 | 16-18 | 19-21 | 22-24 || total
-------------------------+-------+-------+-------+-------+-------+-------+-------+-------++-------
Melee: Long sword        |    89 |   209 |   342 |       |       |       |       |       ||   640
       Bite              |    10 |    35 |    71 |   104 |   155 |   223 |   438 |   206 ||  1242
       War axe           |       |       |   129 |   732 |   746 |       |   254 |   191 ||  2052
       Headbutt          |       |       |       |    56 |   268 |       |       |       ||   324
       Punch             |       |       |       |       |     9 |       |       |       ||     9
       Demon whip        |       |       |       |       |   268 |  1206 |   460 |   727 ||  2661
       Great sword       |       |       |       |       |       |    10 |       |       ||    10
       Unarmed           |       |       |       |       |       |   161 |       |       ||   161
       Quick blade       |       |       |       |       |       |       |  1473 |   167 ||  1640
       Morningstar       |       |       |       |       |       |       |    27 |       ||    27
 Cast: Silence           |       |       |       |       |     8 |     3 |     2 |     6 ||    19
       Mephitic Cloud    |       |       |       |       |     2 |     1 |       |       ||     3
       Confusing Touch   |       |       |       |       |     2 |       |       |       ||     2
       Vampiric Draining |       |       |       |       |     7 |       |       |       ||     7
       Conjure Flame     |       |       |       |       |     3 |       |       |       ||     3
       Bolt of Magma     |       |       |       |       |       |       |     4 |     3 ||     7
       Excruciating Woun |       |       |       |       |       |       |    12 |     7 ||    19
       Ozocubu's Armour  |       |       |       |       |       |       |     2 |     6 ||     8
       Airstrike         |       |       |       |       |       |       |       |    13 ||    13
       Dispel Undead     |       |       |       |       |       |       |       |    31 ||    31
       Sticky Flame      |       |       |       |       |       |       |       |     1 ||     1
Invok: Heroism           |       |       |     1 |    13 |    13 |     5 |     9 |     8 ||    49
       Finesse           |       |       |       |     1 |     2 |     1 |     4 |     3 ||    11
 Abil: Stop Flying       |       |       |       |       |       |       |     1 |     1 ||     2
       Evoke Flight      |       |       |       |       |       |       |     1 |       ||     1
Evoke: Wand              |       |       |    20 |     7 |     3 |     7 |     1 |     7 ||    45
       Lightning rod     |       |       |       |       |     5 |    11 |       |       ||    16
       Tin of tremorston |       |       |       |       |     2 |     7 |     1 |     2 ||    12
       Condenser vane    |       |       |       |       |       |       |       |     1 ||     1
  Use: Potion            |       |     1 |     5 |    21 |     5 |     4 |     2 |     3 ||    41
       Scroll            |       |       |    10 |    20 |    19 |    19 |    15 |    19 ||   102
 Stab: Paralysed         |       |       |    10 |       |       |       |       |       ||    10
       Sleeping          |       |       |       |    10 |    34 |    24 |    24 |    23 ||   115
       Distracted        |       |       |       |     2 |     3 |     4 |     3 |     2 ||    14
       Invisible         |       |       |       |     6 |    10 |       |       |       ||    16
       Fleeing           |       |       |       |       |       |     1 |       |       ||     1
       Petrified         |       |       |       |       |       |     4 |       |       ||     4
Armor: Scale mail        |    29 |    90 |   106 |       |       |   151 |       |       ||   376
       Steam dragon scal |       |       |    37 |    21 |       |       |       |       ||    58
       Troll leather arm |       |       |       |   130 |   188 |   118 |   172 |    26 ||   634
       Chain mail        |       |       |       |    10 |    15 |       |       |       ||    25
       Plate armour      |       |       |       |     2 |     2 |       |       |       ||     4
       Skin              |       |       |       |       |     1 |       |       |       ||     1
       Fire dragon scale |       |       |       |       |       |       |       |   151 ||   151
Dodge: Dodged            |    23 |    65 |   201 |   399 |   653 |   611 |   612 |   459 ||  3023
Block: Kite shield       |    67 |   134 |   387 |   493 |   433 |       |   901 |   785 ||  3200
       Reflection        |       |       |     2 |    14 |    47 |   111 |    73 |    24 ||   271
       Tower shield      |       |       |       |       |    14 |       |       |       ||    14
       Buckler           |       |       |       |       |   110 |   864 |   156 |       ||  1130
       Rpst.: Long sword |     6 |    23 |    44 |       |       |       |       |       ||    73
       Great sword       |       |       |       |       |       |     1 |       |       ||     1
